 Dungeon Crawl Stone Soup version 0.28-a0-657-g71136c5590 (console) character file.

Game seed: 2714190824323467934

58 1020 the Grave Robber (level 3, -3/25 HPs)
             Began as a Demonspawn Necromancer on Oct 4, 2021.
             Slain by an adder (4 damage)
             ... on level 2 of the Dungeon on Oct 13, 2021.
             The game lasted 00:10:17 (3802 turns).

1020 the Grave Robber (Demonspawn Necromancer)      Turns: 3802, Time: 00:10:19

Health: -3/25      AC:  2    Str:  8    XL:     3   Next: 75%
Magic:  0/6        EV: 12    Int: 17    God:
Gold:   46         SH:  0    Dex: 13    Spells: 2/7 levels left

rFire   + + .      SeeInvis .   b - staff of fire
rCold   + . .      Faith    .   (no shield)
rNeg    . . .      Spirit   .   a - +0 robe
rPois   .          Reflect  .   (no helmet)
rElec   .          Harm     .   e - scarf {rC+ rF+}
rCorr   .          Rampage  .   (no gloves)
Will    .....                   (no boots)
Stlth   ++........              (no amulet)
HPRegen 0.08/turn               (no ring)
MPRegen 0.10/turn               (no ring)

@: lethally poisoned (-3 -> -6)
A: hooves 2
a: no special abilities


You were on level 2 of the Dungeon.
You visited 1 branch of the dungeon, and saw 2 of its levels.

You collected 46 gold pieces.

Inventory:

Hand Weapons
 g - a +0 short sword
Missiles
 c - 26 bolts
Armour
 a - a +0 robe (worn)
 e - a scarf of resistance (worn)
Magical Staves
 b - a staff of fire (weapon)
Scrolls
 d - 2 scrolls of identify
 h - a scroll of noise {unknown}
 j - a scroll of blinking {unknown}
 k - a scroll of vulnerability {unknown}
Potions
 f - 5 potions of curing {unknown}
 i - a potion of heal wounds {unknown}


   Skills:
 + Level 0.7 Fighting
 + Level 0.2 Staves
 + Level 1.9 Dodging
 + Level 1.9 Stealth
 + Level 2.5 Spellcasting
 + Level 5.2 Necromancy


You had 2 spell levels left.
You knew the following spells:

 Your Spells              Type           Power      Damage    Failure   Level
a - Pain                  Necr           80%        1d8       1%          1
b - Animate Skeleton      Necr           40%        N/A       1%          1
c - Vampiric Draining     Necr           10%        2d7       6%          3

Your spell library contained the following spells:

 Spells                   Type           Power      Damage    Failure   Level
 Animate Dead             Necr           10%        N/A       21%         4
 Agony                    Necr           20%        N/A       50%         5


Dungeon Overview and Level Annotations

Branches:
Dungeon (2/15)

Altars:


Innate Abilities, Weirdness & Mutations

You have hoof-like feet.


Message History

Confirm with . or Enter, or press ? or * to list all spells.
You don't have enough magic to cast this spell.
You closely miss the adder.
The adder is moderately wounded.
The adder bites you. x2
You are poisoned.
The adder poisons you!
You miss the adder. Your kick misses the adder.
The adder is moderately wounded.
You feel sick. The adder closely misses you.
You hit the adder but do no damage.
The adder is moderately wounded.
You feel sick. The adder bites you.
You are more poisoned.
The adder poisons you! The adder closely misses you.
Casting: Pain (safe; 1% risk of failure)
Confirm with . or Enter, or press ? or * to list all spells.
Aiming: Pain (safe; 1% risk of failure)
Press: ? - help, Shift-Dir - straight line, f/p - adder
Aim: an adder (moderately wounded, chance to affect: 85%)
The adder writhes in agony.
* * * LOW HITPOINT WARNING * * *
You feel sick. The adder barely misses you.
Casting: Pain (safe; 1% risk of failure)
Confirm with . or Enter, or press ? or * to list all spells.
Aiming: Pain (safe; 1% risk of failure)
Press: ? - help, Shift-Dir - straight line, f/p - adder
Aim: an adder (moderately wounded, chance to affect: 85%)
The adder writhes in agony.
* * * LOW HITPOINT WARNING * * *
You feel sick. The adder closely misses you.
Casting: Pain (safe; 1% risk of failure)
Confirm with . or Enter, or press ? or * to list all spells.
Aiming: Pain (safe; 1% risk of failure)
Press: ? - help, Shift-Dir - straight line, f/p - adder
Aim: an adder (moderately wounded, chance to affect: 85%)
The adder writhes in agony.
* * * LOW HITPOINT WARNING * * *
You feel sick. The adder bites you.
You die...

#.#(###≈.≈#
#......≈.≈#
###....≈≈≈#
##########..# ...#
#..#
##.#######.#####
#####...............
#...#..#######.#####
#..@...# ##...##
#..S......##.....#
##.†##.##.###...##
......S# # ##.##
####.##.# #.# #.....
#.# ####.# ##+## .#
##...## ##.....##


You could see an adder.

Vanquished Creatures
  An adder (D:2)
  A worm (D:2)
  A dart slug (D:1)
  5 ball pythons
  7 endoplasms
  3 giant cockroaches
  2 goblins
  4 hobgoblins (D:1)
  2 jackals (D:1)
  A quokka (D:2)
  5 bats
  4 frilled lizards (D:2)
  3 kobolds (D:1)
39 creatures vanquished.

Notes
Turn   | Place    | Note
-------+----------+-------------------------------------------
     0 | D:1      | 1020 the Demonspawn Necromancer began the quest for the
                  | Orb.
     0 | D:1      | Reached XP level 1. HP: 13/13 MP: 3/3
     2 | D:1      | Learned a level 1 spell: Animate Skeleton
   139 | D:1      | Upgraded the game from 0.28-a0-592-g6fc52098c6 to
                  | 0.28-a0-657-g71136c5590
  1066 | D:1      | Gained mutation: You have large cloven feet. [demonic
                  | ancestry]
  1066 | D:1      | Reached XP level 2. HP: 2/20 MP: 0/5
  2206 | D:1      | Reached skill level 5 in Necromancy
  2529 | D:2      | Gained mutation: You have hoof-like feet. [demonic
                  | ancestry]
  2529 | D:2      | Reached XP level 3. HP: 8/25 MP: 1/6
  2604 | D:2      | Learned a level 3 spell: Vampiric Draining
  3802 | D:2      | HP: 1/25 [poisoned by an adder]
  3802 | D:2      | Slain by an adder

Illustrated notes

Levels and vault maps discovered:
D:1:      amcnicky_arrival_double_pillar, layout_basic, serial_bayou_pond_a,
          grunt_decor_arrowhead
D:2:      layout_loops_corners, chequers_serial_rivers_micro_d

Skill      XL: |  1  2 |
---------------+-------+-----
Necromancy     | 5 |  5.2
Fighting       | |  0.7
Staves         | |  0.2
Dodging        | |  1.9
Stealth        | |  1.9
Spellcasting   | |  2.5

Action                   || total
-------------------------++-------
Melee: Staff             ||    54
       Kick              ||     3
 Cast: Pain              ||    65
       Animate Skeleton  ||     5
       Vampiric Draining ||     3
  Use: Scroll            ||     2
Armor: Robe              ||    15
Dodge: Dodged            ||    61

Table legend: (Time is in decaauts)
 A = Elapsed time spent in this place.
 B = Non-inter-level travel time spent in this place.
 C = Inter-level travel time spent in this place.
 D = Time resting spent in this place.
 E = Time spent auto-exploring this place.
 F = Levels seen in this place.
 G = Mean time per level.
                   A        B        C        D        E       F      G
               +--------+--------+--------+--------+--------+-----+--------+
         Total |   3812 |   3812 |      0 |   1628 |   1310 |   2 | 1906.0 |
       Dungeon |   3812 |   3812 |      0 |   1628 |   1310 |   2 | 1906.0 |
               +--------+--------+--------+--------+--------+-----+--------+

Top non-repeatable levels by time:
     D:1: 2504 daAuts
     D:2: 1308 daAuts
